 Dungeon Crawl Stone Soup version 0.30-a0-629-gd54f4be4f7 (webtiles) character file.

Game seed: 677462225522045219

74202 funkygono the Eclecticist (level 15, 0/80 HPs)
             Began as a Gargoyle Fire Elementalist on Jan 12, 2023.
             Was a High Priest of Vehumet.
             Slain by Donald
             ... wielding a +0 eveningstar of distortion
              (17 damage)
             ... on level 1 of the Orcish Mines.
             The game lasted 00:45:54 (21588 turns).

funkygono the Eclecticist (GrFE)                   Turns: 21588, Time: 00:45:54

Health: 0/80       AC: 32    Str: 12    XL:     15   Next: 46%
Magic:  6/43       EV: 13    Int: 23    God:    Vehumet [*****.]
Gold:   1281       SH:  0    Dex: 10    Spells: 6/44 levels left

rFire   . . .      SeeInvis .    G - +4 mace (protect)
rCold   . . .      Faith    .    (no shield)
rNeg    + . .      Spirit   .    A - +3 leather armour
rPois   ∞          Reflect  .    N - +2 helmet
rElec   +          Harm     .    k - +2 cloak
rCorr   .          Rampage  .    v - +1 pair of gloves
Will    +....                    q - +1 pair of boots
Stlth   ++                       d - amulet of regeneration
HPRegen 1.13/turn                F - ring of magical power
MPRegen 0.28/turn                l - +4 ring of protection

@: flying
A: sickness immunity, AC +11, big wings, negative energy resistance 1,
electricity resistance, torment resistance 1, petrification resistance
a: Renounce Religion


You were on level 1 of the Orcish Mines.
You worshipped Vehumet.
Vehumet was extremely pleased with you.
You visited 4 branches of the dungeon, and saw 20 of its levels.
You also visited: Bailey.

You collected 1281 gold pieces.

Inventory:

Hand Weapons
 G - a +4 mace of protection (weapon)
 R - a +2 morningstar
 Z - a +5 dire flail of freezing
Armour
 e - a +1 leather armour of willpower
 k - a +2 cloak (worn)
 q - a +1 pair of boots (worn)
 v - a +1 pair of gloves (worn)
 x - a +1 robe of willpower
 A - a +3 leather armour (worn)
 N - a +2 helmet (worn)
 U - a +0 cloak of preservation
Magical Staves
 a - a staff of death
 r - a staff of air
Jewellery
 d - an amulet of regeneration (around neck)
 f - a ring of positive energy
 g - a ring of protection from cold
 l - a +4 ring of protection (right hand)
 o - a +6 ring of intelligence
 p - an amulet of magic regeneration
 z - a ring of protection from cold
 F - a ring of magical power (left hand)
Wands
 S - a wand of digging (11)
 T - a wand of iceblast (13)
Scrolls
 i - a scroll of amnesia
 s - 4 scrolls of magic mapping
 w - 3 scrolls of fog
 y - 10 scrolls of teleportation
 B - a scroll of identify
 H - 4 scrolls of fear
Potions
 b - 3 potions of magic
 c - 3 potions of might
 h - 2 potions of ambrosia
 j - 6 potions of heal wounds
 m - 5 potions of brilliance
 n - a potion of haste
 t - 10 potions of curing
 u - 3 potions of cancellation
 D - 3 potions of lignification
 I - 3 potions of mutation
 P - a potion of resistance


   Skills:
 + Level 3.8 Fighting
 + Level 2.0 Maces & Flails
 + Level 5.1 Armour
 + Level 5.4 Dodging
 - Level 2.1 Stealth
 + Level 15.3 Spellcasting
 + Level 13.0 Conjurations
 + Level 0.3 Translocations
 + Level 13.9 Fire Magic
 + Level 0.8 Air Magic
 + Level 8.0 Earth Magic
 + Level 4.2 Poison Magic


You had 6 spell levels left.
You knew the following spells:

 Your Spells              Type           Power      Damage    Failure   Level
a - Foxfire               Conj/Fire      100%       2x1d9     0%          1
b - Scorch                Fire           100%       2d10      0%          2
c - Kindle Blastsparks    Fire/Tloc/Air  80%        2d16      1%          3
d - Flame Wave            Conj/Fire      68%        2d15      1%          4
e - Stone Arrow           Conj/Erth      100%       3d13      1%          3
f - Shock                 Conj/Air       100%       1d9       1%          1
g - Airstrike             Air            10%        2d(2-18)  8%          4
h - Olgreb's Toxic Radia  Pois           37%        N/A       2%          4
i - Starburst             Conj/Fire      34%        6d10      1%          6
j - Freezing Cloud        Conj/Ice/Air   19%        6-21      4%          5
k - Lightning Bolt        Conj/Air       24%        1d40      1%          5

Your spell library contained the following spells:

 Spells                   Type           Power      Damage    Failure   Level
 Iskenderun's Mystic Bla  Conj/Tloc      48%        2d11      1%          4
 Kiss of Death            Conj/Necr      100%       2d13      1%          1
 Poisonous Vapours        Pois/Air       58%        N/A       1%          2
 Searing Ray              Conj           100%       2d8       1%          2
 Static Discharge         Conj/Air       98%        2-7/arc   1%          2
 Inner Flame              Hex/Fire       49%        N/A       1%          3
 Mephitic Cloud           Conj/Pois/Air  45%        N/A       1%          3
 Fulminant Prism          Conj/Hex       23%        3d12      1%          4
 Arcjolt                  Conj/Air       24%        1d34      1%          5
 Iskenderun's Battlesphe  Conj           67%        2d12      1%          5
 Lee's Rapid Deconstruct  Erth           26%        3d14*     1%          5
 Irradiate                Conj/Tmut      23%        3d19      2%          5
 Beastly Appendage        Tmut           34%        N/A       4%          1
 Spider Form              Tmut/Pois      27%        N/A       5%          3
 Wereblood                Tmut           17%        N/A       6%          2
 Leda's Liquefaction      Hex/Erth       18%        N/A       8%          4
 Petrify                  Tmut/Erth      36%        N/A       8%          4
 Vhi's Electric Charge    Tloc/Air       40%        N/A       10%         3
 Call Canine Familiar     Summ           17%        N/A       12%         3
 Portal Projectile        Hex/Tloc       36%        N/A       12%         3
 Summon Guardian Golem    Hex/Summ       17%        N/A       12%         3
 Borgnjor's Vile Clutch   Necr/Erth      18%        N/A       22%         5
 Summon Lightning Spire   Summ/Air       19%        N/A       34%         4
 Animate Dead             Necr           17%        N/A       38%         4
 Summon Ice Beast         Ice/Summ       17%        N/A       38%         4
 Summon Forest            Summ/Tloc      9%         N/A       71%         5
 Summon Mana Viper        Hex/Summ       17%        N/A       75%         5
 Death Channel            Necr           8%         N/A       99%         6
 Summon Cactus Giant      Summ           8%         N/A       99%         6
 Orb of Destruction       Conj           33%        9d10      4%          7
 Spellforged Servitor     Conj/Summ      23%        N/A       50%         7
 Fire Storm               Conj/Fire      34%        8d9       98%         9
 Malign Gateway           Summ/Tloc      9%         N/A       100%        7
 Monstrous Menagerie      Summ           8%         N/A       100%        7
 Summon Horrible Things   Summ           8%         N/A       100%        8
 Cigotuvi's Dreadful Rot  Necr/Pois/Air  Unusable   N/A       N/A         2
 Sublimation of Blood     Necr           Unusable   N/A       N/A         2

Dungeon Overview and Level Annotations

Branches:
Dungeon (12/15)            Temple (1/1) D:4            Lair (5/5) D:9
 Shoals (0/4) Lair:2       Spider (0/4) Lair:3        Slime (0/5) Lair:4
    Orc (2/2) D:11         Bailey (visited)
    Elf: Orc:2

Altars:
Ashenzari
Cheibriados
Dithmenos
Elyvilon
Fedhas
Gozag
Hepliaklqana
Kikubaaqudgha
Makhleb
Nemelex Xobeh
Okawaru
Qazlal
Ru
Sif Muna
Trog
Uskayaw
Vehumet
Wu Jian
Xom
Yredelemnul
Zin
The Shining One
Jiyva

Annotations:
D:5 2 runed translucent doors, MackTheKnife's ghost, amateur DEWn
Orc:1 Donald


Innate Abilities, Weirdness & Mutations

You are immune to sickness and miasma.
Your stone body is resilient. (AC +11)
You are immune to poison.
Your large and strong wings let you fly.
You resist negative energy. (rN+)
You are resistant to electric shocks. (rElec)
You are resistant to unholy torment.
You are immune to petrification.


Message History

The orc knight looks more healthy.
The orc warrior looks more healthy.
There is a stone staircase leading up here.
Donald says, "Is it turtles all the way down?"
Donald closely misses you.
The orc knight roars a battlecry!
The orcs go into a battle-frenzy!
The orc warrior hits you but does no damage.
You hear a shout!
You fly upwards.
There is a stone staircase leading down here.
Items here: )) ÷÷.
Casting: Olgreb's Toxic Radiance (dangerous; 2% risk of failure)
Confirm with . or Enter, or press ? or * to list all spells.
You conjure some foxfire!
Donald barely misses you.
Donald sighs.
Donald hits you with a +0 eveningstar of distortion.
Space warps around you.
Casting: Foxfire (safe; 0% risk of failure)
Confirm with . or Enter, or press ? or * to list all spells.
Flames lash Donald but do no damage.
The foxfire hits Donald but does no damage.
Donald is lightly wounded.
The foxfire hits Donald.
Donald is lightly wounded.
Donald hits you but does no damage. Space warps around you.
Casting: Scorch (safe; 0% risk of failure)
Confirm with . or Enter, or press ? or * to list all spells.
Aiming: Stone Arrow (safe; 1% risk of failure)
Press: ? - help, Shift-Dir - straight line, f - Donald
Aim: Donald, wielding a +0 eveningstar of distortion, wearing a +0 chain mail and wearing a +2 kite shield of reflection (lightly wounded, fast, strong, very poisoned, reflecting blocked projectiles, 87% to hit)
Donald reflects the stone arrow off his +2 kite shield of reflection!
The stone arrow misses you.
Donald hits you with a +0 eveningstar of distortion!
* * * LOW HITPOINT WARNING * * *
Space warps around you.
* * * LOW HITPOINT WARNING * * *
Donald hits you with a +0 eveningstar of distortion.
* * * LOW HITPOINT WARNING * * *
Space warps horribly around you!
You die...

###....♣#....###
##....#......#..##
#.....#..........#
#####......#........##
##..###.........#.####
#....##.........###
##...#...........##
##........@......#####
##........@<.......#.##
#...#....§§...........#
##..###...............##
#...###....[).....#....#
##.###........)..##...##
### #......##.......##
##.##.#.#.......#
#####.........##
###....##.##


You could see Donald (fast, strong, very poisoned, reflecting).

Vanquished Creatures
  Rupert (Orc:2)
  Gastronok (Lair:3)
  Kirke (D:12)
  Josephine (D:12)
  5 hydras
  2 vault guards (Bailey)
  A catoblepas (Lair:3)
  Erica (D:9)
  5 boulder beetles
  3 death yaks (Lair:5)
  4 two-headed ogres
  An orc high priest (Orc:2)
  Sonja (D:10)
  Nergalle (D:10)
  A deep elf pyromancer (D:12)
  Pikel (D:7)
  3 oklob plants (Lair:4)
  A wolf spider (Lair:5)
  2 orc sorcerers (Orc:2)
  An ugly thing (D:12)
  3 cyclopes (D:12)
  3 manticores
  12 black mambas
  17 elephants
  Joseph (D:10)
  Maurice (D:9)
  A guardian serpent (Lair:5)
  A torpor snail (Lair:5)
  17 cane toads
  4 rime drakes
  An unseen horror (D:11)
  3 kobold demonologists
  13 komodo dragons
  A troll (D:11)
  6 polar bears
  3 hornets
  Prince Ribbit (Bailey)
  6 dream sheep (Lair:4)
  12 blink frogs
  Sigmund (D:2)
  4 slime creatures (D:12)
  4 hogs (D:12)
  14 wyverns
  42 yaks
  A shadow (D:12)
  6 wraiths
  6 humans (Bailey)
  2 basilisks
  5 redbacks
  3 vampire mosquitoes (D:11)
  2 steam dragons
  A warg (Orc:2)
  3 acid dragons
  A floating eye (Lair:4)
  29 water moccasins
  2 black bears
  11 orc warriors
  3 ice beasts
  2 sky beasts
  2 ogres
  6 wolves (Lair:3)
  5 centaurs
  A phantom (D:7)
  A lemure (D:7)
  7 kobold brigands
  16 bullfrogs
  3 gnoll sergeants
  A necrophage (D:5)
  5 scorpions
  17 wights
  8 howler monkeys
  5 jellies
  7 orc priests
  4 hounds
  Terence (D:2)
  3 iguanas
  21 orc wizards
  16 gnolls
  8 adders
  A white imp (D:7)
  2 ufetubi
  4 worms
  A dart slug (D:4)
  42 orcs
  9 endoplasms
  4 giant cockroaches
  17 goblins
  6 hobgoblins
  28 kobolds
  7 ball pythons
  10 bats
  A frilled lizard (D:1)
  10 rats
  3 bushes (Lair:4)
  2 butterflies (D:6)
569 creatures vanquished.

Vanquished Creatures (collateral kills)
  60 foxfires
60 creatures vanquished.

Vanquished Creatures (others)
  1696 foxfires
  39 fungi
  124 plants
1859 creatures vanquished.

Grand Total: 2488 creatures vanquished

Notes
Turn   | Place    | Note
-------+----------+-------------------------------------------
     0 | D:1      | funkygono the Gargoyle Fire Elementalist began the quest
                  | for the Orb.
     0 | D:1      | Reached XP level 1. HP: 10/10 MP: 3/3
   160 | D:1      | Reached XP level 2. HP: 15/15 MP: 1/5
   163 | D:1      | Learned a level 2 spell: Scorch
  1038 | D:2      | Reached XP level 3. HP: 20/20 MP: 4/6
  1042 | D:2      | Learned a level 3 spell: Kindle Blastsparks
  1215 | D:2      | Noticed Sigmund
  1255 | D:1      | Reached skill level 1 in Fighting
  1355 | D:2      | Killed Sigmund
  1356 | D:2      | Reached skill level 3 in Spellcasting
  1356 | D:2      | Reached XP level 4. HP: 25/25 MP: 0/9
  1356 | D:2      | Reached XP level 5. HP: 29/29 MP: 0/10
  1361 | D:2      | Learned a level 4 spell: Flame Wave
  1789 | D:2      | Noticed Terence
  1798 | D:2      | Killed Terence
  1799 | D:2      | Reached XP level 6. HP: 34/34 MP: 1/11
  2714 | D:4      | Noticed a black bear
  2716 | D:4      | Reached skill level 4 in Spellcasting
  2723 | D:4      | Killed a black bear
  2844 | D:3      | Reached XP level 7. HP: 38/38 MP: 5/13
  3404 | D:4      | Found a faded altar of an unknown god.
  3407 | D:4      | Found a staircase to the Ecumenical Temple.
  3414 | Temple   | Entered the Ecumenical Temple
  3605 | D:4      | Found a basalt altar of Yredelemnul.
  3605 | D:4      | Found a shadowy altar of Dithmenos.
  3668 | D:5      | Entered Level 5 of the Dungeon
  3674 | D:5      | Reached skill level 5 in Fire Magic
  4050 | D:5      | Reached skill level 5 in Spellcasting
  4113 | D:5      | Found a large runed translucent door.
  4113 | D:5      | Found a large runed translucent door.
  4114 | D:5      | Noticed MackTheKnife's ghost (amateur DEWn)
  4512 | D:5      | Identified a scroll of acquirement
  4512 | D:5      | Acquired a +6 ring of intelligence
  4543 | D:6      | Found a shimmering altar of Xom.
  4571 | D:6      | Reached XP level 8. HP: 43/43 MP: 16/16
  4725 | D:6      | Reached skill level 5 in Conjurations
  5019 | D:6      | Reached skill level 6 in Spellcasting
  5181 | D:6      | Reached XP level 9. HP: 47/47 MP: 18/18
  5297 | D:6      | Noticed a two-headed ogre
  5303 | D:6      | Killed a two-headed ogre
  5304 | D:6      | Reached skill level 7 in Spellcasting
  6190 | D:7      | Noticed Pikel
  6197 | D:7      | Killed Pikel
  6198 | D:7      | Reached skill level 8 in Spellcasting
  6198 | D:7      | Reached XP level 10. HP: 52/52 MP: 16/22
  6523 | D:7      | Reached skill level 1 in Armour
  7497 | D:9      | Noticed a two-headed ogre
  7503 | D:9      | Killed a two-headed ogre
  7526 | D:9      | Reached skill level 9 in Spellcasting
  7611 | D:9      | Noticed a two-headed ogre
  7619 | D:9      | Killed a two-headed ogre
  7769 | D:9      | Reached skill level 10 in Fire Magic
  7786 | D:9      | Found a flagged portal.
  7790 | D:9      | Noticed Erica
  7803 | D:9      | Killed Erica
  7804 | D:9      | Reached XP level 11. HP: 52/56 MP: 10/24
  7809 | D:9      | Noticed Maurice
  7817 | D:9      | Killed Maurice
  7947 | Bailey   | Entered a bailey
  8412 | Bailey   | Noticed Prince Ribbit
  8412 | Bailey   | Noticed a vault guard
  8418 | Bailey   | Killed Prince Ribbit
  8440 | Bailey   | Killed a vault guard
  8441 | Bailey   | Reached skill level 10 in Spellcasting
  8539 | Bailey   | Noticed a vault guard
  8554 | Bailey   | Killed a vault guard
  8662 | D:9      | Found a staircase to the Lair.
  8864 | D:9      | Found a glowing golden altar of the Shining One.
  8866 | D:9      | Found a sparkling altar of Nemelex Xobeh.
  9024 | D:9      | Acquired the Almanac of Stormy Clay
  9030 | D:9      | Learned a level 3 spell: Stone Arrow
  9057 | D:10     | Entered Level 10 of the Dungeon
  9063 | D:10     | Noticed a two-headed ogre
  9071 | D:10     | Killed a two-headed ogre
  9256 | D:10     | Identified the +7 trident "Plog" {elec, Drain rPois rN++
                  | Dex+2}
  9275 | D:10     | Found a shimmering blue altar of Sif Muna.
  9317 | D:10     | Found an ancient bone altar of Kikubaaqudgha.
  9362 | D:10     | Got Kikubaaqudgha's Folio of Stolen Souls
  9369 | D:10     | Found a radiant altar of Vehumet.
  9413 | D:10     | Found an iron altar of Okawaru.
  9445 | D:10     | Became a worshipper of Vehumet
  9586 | D:10     | Noticed Joseph
  9598 | D:10     | Killed Joseph
  9657 | D:10     | Noticed Nergalle
  9672 | D:10     | Killed Nergalle
  9700 | D:10     | Noticed Sonja
  9702 | D:10     | Killed Sonja
  9703 | D:10     | Reached XP level 12. HP: 62/62 MP: 22/26
  9858 | D:10     | Reached skill level 11 in Spellcasting
  9867 | D:10     | Reached * piety under Vehumet
  9867 | D:10     | Offered knowledge of Shock by Vehumet.
  9871 | D:10     | Learned a level 1 spell: Shock
 10057 | D:10     | Found a glowing silver altar of Zin.
 10325 | D:10     | Learned a level 4 spell: Airstrike
 10451 | Lair:1   | Entered Level 1 of the Lair of Beasts
 10565 | Lair:1   | Reached skill level 1 in Earth Magic
 11243 | Lair:1   | Reached skill level 10 in Conjurations
 11382 | Lair:1   | Noticed a five-headed hydra
 11389 | Lair:1   | Killed a five-headed hydra
 12107 | Lair:2   | Noticed a four-headed hydra
 12107 | Lair:2   | Found a staircase to the Shoals.
 12117 | Lair:2   | Killed a four-headed hydra
 12118 | Lair:2   | Reached skill level 12 in Spellcasting
 12252 | Lair:2   | Reached XP level 13. HP: 68/68 MP: 29/29
 12347 | Lair:2   | Offered knowledge of Freeze by Vehumet.
 12550 | Lair:2   | Reached ** piety under Vehumet
 12610 | Lair:2   | Reached skill level 1 in Maces & Flails
 13047 | Lair:3   | Reached skill level 5 in Earth Magic
 13352 | Lair:3   | Offered knowledge of Hailstorm by Vehumet.
 13431 | Lair:3   | Reached *** piety under Vehumet
 13447 | Lair:3   | Reached skill level 5 in Dodging
 13592 | Lair:3   | Reached skill level 13 in Spellcasting
 14037 | Lair:3   | Offered knowledge of Olgreb's Toxic Radiance by Vehumet.
 14044 | Lair:3   | Learned a level 4 spell: Olgreb's Toxic Radiance
 14255 | Lair:3   | Noticed Gastronok
 14269 | Lair:3   | Killed Gastronok
 14515 | Lair:3   | Found a hole to the Spider Nest.
 15042 | Lair:3   | Acquired the Treatise on Injury
 15051 | Lair:3   | Learned a level 6 spell: Starburst
 15082 | Lair:4   | Gained mutation: Your large and strong wings let you fly.
                  | [Gargoyle growth]
 15082 | Lair:4   | Reached XP level 14. HP: 74/74 MP: 31/31
 15218 | Lair:4   | Reached skill level 1 in Poison Magic
 15357 | Lair:4   | Found a burning altar of Makhleb.
 15604 | Lair:4   | Found a viscous altar of Jiyva.
 15604 | Lair:4   | Found a staircase to the Slime Pits.
 15855 | Lair:4   | Reached **** piety under Vehumet
 15863 | Lair:4   | Offered knowledge of Mephitic Cloud by Vehumet.
 16879 | Lair:5   | Entered Level 5 of the Lair of Beasts
 17622 | Lair:5   | Reached skill level 14 in Spellcasting
 17857 | Lair:5   | Reached ***** piety under Vehumet
 18219 | Lair:5   | Offered knowledge of Freezing Cloud by Vehumet.
 18227 | Lair:5   | Learned a level 5 spell: Freezing Cloud
 19156 | Lair:5   | Learned a level 5 spell: Lightning Bolt
 19412 | D:11     | Reached XP level 15. HP: 79/79 MP: 33/33
 20033 | D:11     | Found a staircase to the Orcish Mines.
 20303 | D:12     | Noticed Josephine
 20314 | D:12     | Killed Josephine
 20426 | D:12     | Noticed Kirke
 20438 | D:12     | Killed Kirke
 20439 | D:12     | Reached skill level 15 in Spellcasting
 20932 | D:12     | Reached skill level 5 in Armour
 21229 | Orc:1    | Entered Level 1 of the Orcish Mines
 21369 | Orc:2    | Entered Level 2 of the Orcish Mines
 21388 | Orc:2    | Noticed Rupert
 21395 | Orc:2    | Paralysed by Rupert for 3 turns
 21398 | Orc:2    | Killed Rupert
 21564 | Orc:2    | Offered knowledge of Iskenderun's Mystic Blast by Vehumet.
 21574 | Orc:2    | Noticed Donald
 21588 | Orc:1    | Slain by Donald

Illustrated notes

Levels and vault maps discovered:
D:1:      dpeg_arrival_rhombus, layout_rooms, grunt_decor_arrowhead,
          serial_bayou_lagoon_a
D:2:      layout_rooms, uniq_sigmund, uniq_terence
D:3:      layout_basic
D:4:      layout_basic, mainiacjoe_overflow_large_starburst,
          nicolae_temple_entry_ecumenical
D:5:      layout_basic, ebering_ghost_disaster_area, small_statue_intersection
D:6:      layout_basic, xom_butterflies, chequers_serial_rivers_room_a
D:7:      layout_basic, uniq_pikel
D:8:      layout_gridville
D:9:      layout_big_octagon, jmf_multi_god_temple, lair_entry_dummy,
          serial_park, serial_park_square3 [serial_park_minivault_5x5_6],
          serial_park_tiny_2, enter_bailey_5, uniq_erica, uniq_maurice
D:10:     layout_roguey, palyth_temple_overflow_mages, zin_statuary,
          okawaru_metal_pillars_1_2, uniq_nergalle, uniq_joseph, uniq_sonja
D:11:     layout_long_grid, orc_0_dummy
D:12:     layout_roguey, library_closet, amethyst_killhole, uniq_kirke,
          uniq_josephine
Temple:   nicolae_temple_no_exploring_needed
Lair:1:   layout_gridlike, cheibrodos_lair_lostbears
Lair:2:   layout_cave_shapes, elwin_shoals_entry_rocks,
          grunt_forest_small_clearing_treed, lemuel_fruit_tree,
          lemuel_fruit_fields
Lair:3:   nzn_winding_woodlands_cross [nzn_winding_woodlands_5x15_jagged,
          nzn_winding_woodlands_5x15_pool,
          nzn_winding_woodlands_5x15_split_checker,
          nzn_winding_woodlands_5x15_zeroes,
          nzn_winding_woodlands_15x15_five_gardens], layout_gridlike,
          spider_nest_entry_webs, lemuel_fruit_fields, serial_bayou_shore_a,
          serial_bayou_shore_b, uniq_gastronok
Lair:4:   layout_cave_shapes, nicolae_slime_entry_slimehenge, basic_altar,
          st_stairs_9, disabler_island
Lair:5:   hangedman_lair_tendril_chambers, layout_big_grid
Orc:1:    layout_caves, dreamdust_deal_with_the_devil
Orc:2:    st_orc_rangers, layout_caves, ebering_ghost_disaster_area,
          uniq_rupert, uniq_donald

Skill      XL: |  1  2  3  4  5  6  7  8  9 10 11 12 13 14 15 |
---------------+----------------------------------------------+-----
Fighting       | 1 2 3 |  3.8
Dodging        | 2 3 4 5 |  5.4
Spellcasting   | 3 4 5 6 8 9 10 12 13 14 15 | 15.3
Conjurations   | 3 4 5 7 8 9 10 11 12 13 | 13.0
Fire Magic     | 4 5 7 8 10 11 12 13 | 13.9
Armour         | 2 3 4 5 |  5.1
Earth Magic    | 3 6 7 8 |  8.0
Maces & Flails | 1 2 |  2.0
Poison Magic   | 3 4 |  4.2
Stealth        | |  2.1
Translocations | |  0.3
Air Magic      | |  0.8

Action                   |  1- 3 |  4- 6 |  7- 9 | 10-12 | 13-15 || total
-------------------------+-------+-------+-------+-------+-------++-------
Melee: Club              |    21 |       |       |       |       ||    21
       Flail             |       |     3 |     2 |       |       ||     5
       Mace              |       |       |     8 |    16 |    59 ||    83
 Cast: Foxfire           |    58 |    71 |   186 |   265 |   393 ||   973
       Scorch            |     1 |     5 |    40 |    65 |    21 ||   132
       Flame Wave        |       |       |     2 |    31 |    57 ||    90
       Stone Arrow       |       |       |       |    59 |   212 ||   271
       Kindle Blastspark |       |       |       |     1 |     3 ||     4
       Olgreb's Toxic Ra |       |       |       |       |    68 ||    68
  Use: Scroll            |       |    11 |     8 |     5 |     7 ||    31
       Potion            |       |       |       |     1 |       ||     1
Armor: Robe              |    43 |    10 |    19 |       |       ||    72
       Leather armour    |       |       |     1 |   173 |   243 ||   417
Dodge: Dodged            |    74 |    16 |    32 |   134 |   240 ||   496

Table legend: (Time is in decaauts)
 A = Elapsed time spent in this place.
 B = Non-inter-level travel time spent in this place.
 C = Inter-level travel time spent in this place.
 D = Time resting spent in this place.
 E = Time spent auto-exploring this place.
 F = Levels seen in this place.
 G = Mean time per level.
                   A        B        C        D        E       F      G
               +--------+--------+--------+--------+--------+-----+--------+
         Total |  21716 |  21160 |    556 |   1725 |  15235 |  21 | 1034.1 |
       Dungeon |  12022 |  11659 |    363 |    455 |   9120 |  12 | 1001.8 |
        Temple |      1 |      1 |      0 |      0 |      0 |   1 |    1.0 |
          Lair |   8618 |   8428 |    190 |    880 |   5851 |   5 | 1723.6 |
  Orcish Mines |    359 |    359 |      0 |      0 |    264 |   2 |  179.5 |
        Bailey |    713 |    713 |      0 |    390 |      0 |   1 |  713.0 |
               +--------+--------+--------+--------+--------+-----+--------+

Top non-repeatable levels by time:
  Lair:5: 2333 daAuts
  Lair:3: 2291 daAuts
  Lair:4: 1827 daAuts
  Lair:1: 1406 daAuts
     D:9: 1303 daAuts
    D:10: 1301 daAuts
     D:1: 1090 daAuts
     D:6: 1063 daAuts
    D:11: 1017 daAuts
     D:7: 961 daAuts
     D:8: 921 daAuts
    D:12: 895 daAuts
     D:4: 890 daAuts
     D:5: 873 daAuts
     D:2: 861 daAuts
